 Dungeon Crawl Stone Soup version 0.28.0-53-g5a82cb258f (webtiles) character file.

Game seed: 4435844133669675457

52 cbfl8 the Chopper (level 3, -1/29 HPs)
             Began as a Demonspawn Berserker on July 19, 2022.
             Was a Believer of Trog.
             Succumbed to an adder's poison
             ... on level 3 of the Dungeon.
             The game lasted 00:05:13 (3901 turns).

cbfl8 the Chopper (Demonspawn Berserker)            Turns: 3901, Time: 00:05:14

Health: -1/29      AC:  5    Str: 19    XL:     3   Next: 60%
Magic:  3/3        EV: 12    Int:  8    God:    Trog [**....]
Gold:   134        SH:  0    Dex: 12    Spells: 2/2 levels left

rFire   . . .      SeeInvis .   a - +0 hand axe
rCold   . . .      Faith    .   (no shield)
rNeg    . . .      Spirit   .   b - +0 animal skin
rPois   .          Reflect  .   e - +0 helmet
rElec   .          Harm     .   (no cloak)
rCorr   .          Rampage  .   (no gloves)
Will    .....                   (no boots)
Stlth   +.........              (no amulet)
HPRegen 0.09/turn               (no ring)
MPRegen 0.08/turn               (no ring)

@: lethally poisoned (-1 -> -11)
A: thin metallic scales 1
a: Renounce Religion, Berserk, Trog's Hand


You were on level 3 of the Dungeon.
You worshipped Trog.
Trog was pleased with you.
You visited 1 branch of the dungeon, and saw 3 of its levels.

You collected 134 gold pieces.

Inventory:

Hand Weapons
 a - a +0 hand axe (weapon)
Armour
 b - a +0 animal skin (worn)
 e - a +0 helmet (worn)
Scrolls
 d - a scroll of holy word {unknown}
 f - 2 scrolls of magic mapping {unknown}
 g - a scroll of noise {unknown}
 h - a scroll of teleportation {unknown}
Potions
 c - a potion of heal wounds {unknown}
 i - a potion of brilliance {unknown}


   Skills:
 + Level 3.3 Fighting
 + Level 3.5 Axes
 + Level 2.0 Armour
 + Level 2.1 Dodging
 + Level 0.4 Stealth


You had 2 spell levels left.
You didn't know any spells.
Your spell library was empty.

Dungeon Overview and Level Annotations

Branches:
Dungeon (3/15)

Altars:


Innate Abilities, Weirdness & Mutations

You are partially covered in thin metallic scales. (AC +2)


Message History

You barely miss the adder. The adder bites you but does no damage.
The adder bites you.
You miss the adder. The adder bites you.
You hit the adder but do no damage. The adder bites you but does no damage.
You barely miss the adder. The adder closely misses you. The adder bites you.
You are poisoned.
The adder poisons you!
You hit the adder.
The adder is lightly wounded.
You feel sick. The adder barely misses you.
You closely miss the adder.
The adder is lightly wounded.
You feel sick. The adder closely misses you. The adder barely misses you.
You closely miss the adder. You punch the adder.
The adder is moderately wounded.
You feel sick. The adder bites you.
You are more poisoned.
The adder poisons you!
You hit the adder.
The adder is heavily wounded.
You feel sick. The adder bites you.
You are too injured to fight recklessly!
You are too injured to fight recklessly!
You are too injured to fight recklessly!
You closely miss the adder.
The adder is heavily wounded.
You feel sick.
The adder bites you but does no damage. x2
You hit the adder.
The adder is severely wounded.
You feel sick. The adder bites you.
* * * LOW HITPOINT WARNING * * *
You hit the adder but do no damage.
The adder is severely wounded.
You feel sick. The adder bites you.
* * * LOW HITPOINT WARNING * * *
You are more poisoned.
The adder poisons you! The adder barely misses you.
You hit the adder.
The adder is almost dead.
You die...

#####..##### #.#.#
##..#######.#.######
##..................#
##.....#####..#..###.#
##..†....## #.....#
#.).......###.....#
'.........+.......#
#.........###.....#
##.......## #..S@.#
##..>..## #.........#
##...## #..<#.#####
##+## #.... .# ##...
## ##.# #. #.


You could see an adder.

Vanquished Creatures
  2 worms
  A dart slug (D:2)
  An orc (D:3)
  2 endoplasms (D:1)
  2 giant cockroaches
  6 goblins (D:1)
  7 hobgoblins
  A quokka (D:3)
  2 ball pythons
  6 bats
  2 frilled lizards
  2 kobolds
  7 rats
41 creatures vanquished.

Vanquished Creatures (others)
  3 plants (D:3)
3 creatures vanquished.

Grand Total: 44 creatures vanquished

Notes
Turn   | Place    | Note
-------+----------+-------------------------------------------
     0 | D:1      | cbfl8 the Demonspawn Berserker began the quest for the Orb.
     0 | D:1      | Reached XP level 1. HP: 18/18 MP: 1/1
  1254 | D:1      | Gained mutation: You are partially covered in thin metallic
                  | scales. (AC +2) [demonic ancestry]
  1254 | D:1      | Reached XP level 2. HP: 8/24 MP: 2/2
  2786 | D:2      | Found a faded altar of an unknown god.
  2800 | D:2      | Reached XP level 3. HP: 24/29 MP: 3/3
  3122 | D:2      | You fall into a shaft and drop 1 floor!
  3714 | D:3      | Reached ** piety under Trog
  3900 | D:3      | HP: 1/29 [adder (3)]
  3901 | D:3      | Succumbed to an adder's poison

Illustrated notes

Levels and vault maps discovered:
D:1:      lightli_arrival_quake, layout_basic
D:2:      layout_basic, nicolae_ecumenical_pavilion, minmay_rat_gold_closets
D:3:      cheibrodos_old_hovel, layout_loops_corners, small_statue_intersection

Skill      XL: |  1  2  3 |
---------------+----------+-----
Armour         | 2 |  2.0
Axes           | 3 |  3.5
Dodging        | 2 |  2.1
Fighting       | |  3.3
Stealth        | |  0.4

Action                   || total
-------------------------++-------
Melee: Hand axe          ||   160
       Punch             ||     2
Invok: Berserk           ||     1
Armor: Animal skin       ||    56
Dodge: Dodged            ||   102
